 Dungeon Crawl Stone Soup version 0.29.1-15-g9cfb28693d (webtiles) character file.

Game seed: 10108390623682132109

27 Eitelfritz the Firebug (level 2, -1/19 HPs)
             Began as a Demonspawn Fire Elementalist on Mar 10, 2023.
             Killed from afar by a dart slug (3 damage)
             ... with a slug dart
             ... on level 2 of the Dungeon.
             The game lasted 00:03:26 (1460 turns).

Eitelfritz the Firebug (DsFE)                       Turns: 1460, Time: 00:03:26

Health: -1/19      AC:  2    Str:  8    XL:     2   Next: 93%
Magic:  2/5        EV: 12    Int: 16    God:
Gold:   91         SH:  0    Dex: 13    Spells: 4/5 levels left

rFire   . . .      SeeInvis .   a - +0 quarterstaff
rCold   . . .      Faith    .   (shield currently unavailable)
rNeg    . . .      Spirit   .   f - +0 robe
rPois   .          Reflect  .   (no helmet)
rElec   .          Harm     .   (no cloak)
rCorr   .          Rampage  .   (no gloves)
Will    .....                   (no boots)
Stlth   ++........              e - amulet of the acrobat
HPRegen 0.06/turn               (no ring)
MPRegen 0.09/turn               (no ring)

@: lethally poisoned (-1 -> -12)
A: demonic magic 1
a: no special abilities


You were on level 2 of the Dungeon.
You visited 1 branch of the dungeon, and saw 2 of its levels.

You collected 91 gold pieces.

Inventory:

Hand Weapons
 a - a +0 quarterstaff (weapon)
 h - a +0 dagger
Armour
 f - a +0 robe (worn)
Jewellery
 e - an amulet of the acrobat (around neck)
Scrolls
 c - a scroll of identify {unknown}
 g - 2 scrolls of poison {unknown}
Potions
 b - a potion of magic
 d - a potion of mutation {unknown}


   Skills:
 + Level 2.0 Dodging
 + Level 2.0 Stealth
 + Level 0.1 Unarmed Combat
 + Level 2.3 Spellcasting
 + Level 1.0 Conjurations
 + Level 3.2 Fire Magic


You had 4 spell levels left.
You knew the following spells:

 Your Spells              Type           Power      Damage    Failure   Level
a - Foxfire               Conj/Fire      32%        2x1d5     9%          1

Your spell library contained the following spells:

 Spells                   Type           Power      Damage    Failure   Level
 Scorch                   Fire           24%        2d6       8%          2
 Conjure Flame            Conj/Fire      8%         6-21      24%         3
 Inner Flame              Hex/Fire       7%         N/A       30%         3
 Flame Wave               Conj/Fire      8%         2d5       63%         4


Dungeon Overview and Level Annotations

Branches:
Dungeon (2/15)

Altars:


Innate Abilities, Weirdness & Mutations

Spells you cast may paralyse adjacent enemies.


Message History

The adder is moderately wounded.
The foxfire hits the dart slug.
The dart slug is lightly wounded.
The dart slug completely misses you.
Casting: Foxfire (safe; 9% risk of failure)
Confirm with . or Enter, or press ? or * to list all spells.
You conjure some foxfire!
Malevolent energies surge around you.
The dart slug suddenly stops moving!
The adder barely misses you. The adder bites you.
You are poisoned.
The adder poisons you!
You feel sick.
The foxfire hits the dart slug.
The dart slug is moderately wounded.
The foxfire hits the adder.
The adder is moderately wounded.
The adder bites you.
Casting: Foxfire (safe; 9% risk of failure)
Confirm with . or Enter, or press ? or * to list all spells.
You conjure some foxfire!
Malevolent energies surge around you.
You feel sick. The adder bites you.
You are more poisoned.
The adder poisons you!
You feel sick.
The foxfire hits the dart slug but does no damage.
The dart slug is moderately wounded.
The foxfire hits the adder.
The adder is almost dead.
The adder completely misses you. The adder bites you.
You are more poisoned.
The adder poisons you!
Unknown command.
The helpless dart slug fails to defend itself.
You hit the dart slug but do no damage.
The dart slug is moderately wounded.
* * * LOW HITPOINT WARNING * * *
You feel very sick.
The dart slug is no longer paralysed.
The dart slug launches a dart at you. The slug dart hits you.
You die...

#. #.#
#.##.####
#.#.....
#......##
#......[#
#.....#
######.w.######
...(...@......#
######.S.####.#
##.## #.# #.#
#.# #.# #.# #.#
#.# #.# #.# #.#
#.# #)# #.# #.#
#.# #.#
.#####.###)#


You could see an adder and a dart slug.

Vanquished Creatures
  2 ball pythons (D:1)
  2 bats
  2 endoplasms
  A giant cockroach (D:1)
  6 goblins
  2 hobgoblins (D:1)
  A quokka (D:1)
  3 frilled lizards (D:1)
  4 kobolds
  A rat (D:2)
24 creatures vanquished.

Vanquished Creatures (others)
  59 foxfires
59 creatures vanquished.

Grand Total: 83 creatures vanquished

Notes
Turn   | Place    | Note
-------+----------+-------------------------------------------
     0 | D:1      | Eitelfritz the Demonspawn Fire Elementalist began the quest
                  | for the Orb.
     0 | D:1      | Reached XP level 1. HP: 13/13 MP: 3/3
   565 | D:1      | Gained mutation: Spells you cast may paralyse adjacent
                  | enemies. [demonic ancestry]
   565 | D:1      | Reached XP level 2. HP: 18/19 MP: 1/5
   634 | D:1      | Reached skill level 3 in Fire Magic
  1460 | D:2      | Killed from afar by a dart slug

Illustrated notes

Levels and vault maps discovered:
D:1:      co_arrival_square_in_a_square_in_a_square, layout_loops_corners
D:2:      layout_loops_ring

Skill      XL: |  1  2 |
---------------+-------+-----
Fire Magic     | 3 |  3.2
Dodging        | 2 |  2.0
Stealth        | 2 |  2.0
Unarmed Combat | |  0.1
Spellcasting   | |  2.3
Conjurations   | |  1.0

Action                   || total
-------------------------++-------
Melee: Unarmed           ||    14
       Quarterstaff      ||     6
       Dagger            ||     3
 Cast: Foxfire           ||    34
 Stab: Paralysed         ||     2
       Sleeping          ||     2
Armor: Robe              ||     6
Dodge: Dodged            ||    35
